 Dungeon Crawl Stone Soup version 0.30.0-19-g36f170ea60 (webtiles) character file.

Game seed: 16121251922292690198

1 MrBoozer the Firebug (level 1, 0/10 HPs)
             Began as a Gargoyle Fire Elementalist on May 31, 2023.
             Slain by a kobold
             ... wielding a +0 short sword
              (1 damage)
             ... on level 1 of the Dungeon.
             The game lasted 00:01:18 (118 turns).

MrBoozer the Firebug (Gargoyle Fire Elementalist)    Turns: 118, Time: 00:01:19

Health: 0/10       AC:  4    Str: 11    XL:     1   Next: 20%
Magic:  1/3        EV:  8    Int: 15    God:
Gold:   17         SH:  0    Dex: 10    Spells: 3/4 levels left

rFire   . . .        (no weapon)
rCold   . . .        (no shield)
rNeg    + . .        a - +0 robe
rPois   ∞            (no helmet)
rElec   +            (no cloak)
rCorr   .            (no gloves)
SInv    .            (no boots)
Will    .....        (no amulet)
Stlth   ++           (no ring)
HPRegen 0.21/turn    (no ring)
MPRegen 0.08/turn

%: no passive effects
@: constricted
A: sickness immunity, AC +2, negative energy resistance 1, electricity
resistance, torment resistance 1, petrification resistance
a: no special abilities


You were on level 1 of the Dungeon.
You visited 1 branch of the dungeon, and saw 1 of its levels.

You collected 17 gold pieces.

Inventory:

Armour
 a - a +0 robe (worn)
Scrolls
 d - a scroll of fear {unknown}
Potions
 b - a potion of magic
 c - a potion of resistance {unknown}
 e - a potion of invisibility {unknown}


   Skills:
 + Level 1.5 Dodging
 + Level 2.2 Stealth
 + Level 2.0 Spellcasting
 + Level 1.1 Conjurations
 + Level 3.0 Fire Magic


You had 3 spell levels left.
You knew the following spells:

 Your Spells              Type           Power      Damage    Failure   Level
a - Foxfire               Conj/Fire      28%        2x1d5     10%         1

Your spell library contained the following spells:

 Spells                   Type           Power      Damage    Failure   Level
 Scorch                   Fire           20%        2d5       10%         2
 Inner Flame              Hex/Fire       6%         N/A       34%         3
 Volatile Blastmotes      Fire/Tloc      12%        2d11      34%         3
 Flame Wave               Conj/Fire      7%         2d5       67%         4


Dungeon Overview and Level Annotations

Branches:
Dungeon (1/15)

Altars:


Innate Abilities, Weirdness & Mutations

You are immune to sickness and miasma.
Your stone body is resilient. (AC +2)
You are immune to poison.
You resist negative energy. (rN+)
You are resistant to electric shocks. (rElec)
You are resistant to unholy torment.
You are immune to petrification.


Message History

You conjure some foxfire!
The kobold shouts!
The jackal bites you but does no damage.
Your foxfire dissipates!
A ball python comes into view.
The jackal attacks as you move away! The jackal misses you.
Casting: Foxfire (safe; 10% risk of failure)
Confirm with . or Enter, or press ? or * to list all spells.
You conjure some foxfire!
The ball python hisses angrily.
The jackal completely misses you.
The foxfire hits the kobold.
The kobold is severely wounded.
Your foxfire dissipates!
The jackal misses you.
The jackal bites you but does no damage.
The jackal closely misses you.
You hit the ball python.
The ball python is moderately wounded.
The ball python misses you. The ball python closely misses you.
The jackal bites you.
The jackal bites you but does no damage.
The kobold hits you with a +0 short sword.
* * * LOW HITPOINT WARNING * * *
You barely miss the ball python.
The ball python is moderately wounded.
The ball python bites you but does no damage.
The ball python closely misses you. The jackal misses you.
The jackal barely misses you. The ball python bites you.
* * * LOW HITPOINT WARNING * * *
The ball python grabs you. The ball python constricts you.
The kobold hits you with a +0 short sword.
* * * LOW HITPOINT WARNING * * *
You hit the ball python but do no damage.
Your punch misses the ball python.
The ball python is moderately wounded.
The jackal barely misses you. x2; The jackal closely misses you.
The ball python closely misses you. The ball python constricts you.
The jackal barely misses you.
The kobold hits you with a +0 short sword.
You die...

##.####.#..##
#..##.....#.#.).##
#....(.....h.###§##
##.##.#...#.##
##.############
...#...#.#
#....).......# ...#
###.#g##
#.##########.# ###.
..##h###.## #.# #
#####hhK####### #.#
##h@S.....# #.#
########.# #.# #.#
#.# #.# #.# #.# #.#
##.#


You could see 4 jackals, a hobgoblin, a ball python and a kobold.

Vanquished Creatures
  A kobold (D:1)
  A rat (D:1)
2 creatures vanquished.

Vanquished Creatures (others)
  6 foxfires (D:1)
6 creatures vanquished.

Grand Total: 8 creatures vanquished

Notes
Turn   | Place    | Note
-------+----------+-------------------------------------------
     0 | D:1      | MrBoozer the Gargoyle Fire Elementalist began the quest for
                  | the Orb.
     0 | D:1      | Reached XP level 1. HP: 10/10 MP: 3/3
   118 | D:1      | Slain by a kobold

Illustrated notes

Levels and vault maps discovered:
D:1:      minmay_arrival_three_doors, layout_loops_ring

Action                     || total
---------------------------++-------
  Melee: Unarmed           ||    10
   Cast: Foxfire           ||     5
 Armour: Robe              ||     7
  Dodge: Dodged            ||    23
